Map: Blackburn LE

Players

Kelazhur - Winner!

  • Race: Terran Terran
  • League: Master

ShoWTimE

  • Race: Protoss Protoss
  • League: Master

VOD

Have the link to the VOD?

Description

Time

  • Played on: Oct. 21, 2021, 8:20 a.m.
  • Length: 9:16
Show
View Real Time Build Order
Export as new Build Order

Kelazhur Terran - Winner!

Build Orders:  

Get SALT Encoding   

  12  0:00  SCV  
  13  0:12  SCV  
  14  0:17  Supply Depot  
  14  0:24  SCV  
  15  0:38  SCV  
  15  0:39  Barracks  
  16  0:43  Refinery  
  16  0:50  SCV  
  17  1:02  SCV  
  18  1:14  SCV  
  19  1:26  Marine, Orbital Command  
  20  1:46  Command Center  
  20  1:53  Factory  
  20  1:55  SCV  
  21  2:03  Barracks Reactor  
  21  2:05  Supply Depot  
  22  2:08  SCV  
  22  2:19  Refinery  
  22  2:20  SCV  
  23  2:32  SCV  
  26  2:37  Hellion  
  26  2:39  Marine x2  
  26  2:40  Starport  
  28  2:44  SCV  
  29  2:56  Marine  
  29  2:57  Marine  
  29  2:58  Orbital Command  
  32  3:00  Widow Mine  
  32  3:03  SCV  
  34  3:15  SCV  
  34  3:17  Medivac  
  37  3:20  Supply Depot  
  37  3:21  Widow Mine  
  37  3:23  Marine  
  40  3:27  Marine  
  40  3:28  SCV  
  40  3:32  SCV  
  41  3:40  SCV  
  42  3:44  SCV  
  42  3:46  Factory Tech Lab  
  42  3:47  Starport Tech Lab  
  43  3:53  Marine x2, SCV  
  46  3:56  SCV  
  47  4:03  Engineering Bay  
  47  4:05  SCV  
  47  4:07  Siege Tank  
  47  4:08  Supply Depot  
  47  4:09  SCV  
  52  4:17  SCV  
  52  4:21  SCV  
  52  4:26  Barracks  
  52  4:28  Barracks  
  52  4:29  SCV  
  53  4:32  Supply Depot  
  53  4:33  SCV  
  53  4:34  Bunker  
  53  4:37  Raven  
  56  4:42  Siege Tank  
  56  4:43  SCV  
  56  4:44  Marine x2  
  62  4:52  Refinery  
  62  4:53  Refinery  
  62  4:54  SCV  
  62  4:55  SCV  
  62  4:57  Supply Depot  
  64  5:00  Terran Infantry Weapons Level 1  
  64  5:04  Marine  
  64  5:05  Marine  
  64  5:06  SCV  
  67  5:07  SCV  
  67  5:10  Supply Depot  
  68  5:25  Marine x2  
  68  5:26  SCV  
  75  5:28  Marauder x2  
  75  5:31  Supply Depot, SCV  
  75  5:32  Factory Reactor, Stimpack  
  75  5:34  Starport Reactor  
  76  5:43  Marine x2  
  76  5:44  Combat Shield  
  82  5:50  Marauder x2  
  82  5:52  SCV x2  
  82  5:53  Supply Depot  
  84  6:00  Marine x2  
  86  6:10  Widow Mine  
  86  6:11  Marauder x2, Widow Mine  
  94  6:15  Medivac x2  
  94  6:16  Command Center  
  98  6:20  Marine x2  
  100  6:30  Supply Depot  
  100  6:33  Marauder  
  100  6:35  Widow Mine  
  102  6:41  Widow Mine  
  102  6:42  Barracks x2  
  102  6:48  Supply Depot  
  102  6:51  Marine x2, Supply Depot, SCV x2  
  102  6:52  Marauder  
  102  6:53  Medivac  
  109  7:03  SCV, Concussive Shells  
  109  7:07  Medivac  
  110  7:10  Marauder  
  110  7:14  Marauder, SCV  
  115  7:15  SCV  
  115  7:22  Marine x2  
  118  7:26  SCV  
  118  7:28  Orbital Command  
  119  7:34  Marauder  
  117  7:39  Medivac x2  
  117  7:42  Barracks Reactor  
  117  7:43  SCV  
  121  7:46  Marine  
  121  7:47  Marine, Marauder, Orbital Command  
  121  7:50  SCV  
  126  7:56  Marauder  
  128  8:00  SCV, Armory  
  128  8:05  Barracks Tech Lab, Supply Depot  
  129  8:09  Marine x2, Marauder  
  129  8:10  SCV  
  134  8:13  SCV  
  134  8:17  Marauder  
  137  8:23  Widow Mine x2  
  137  8:25  Marauder  
  138  8:30  Marauder  
  138  8:31  Medivac x2  
  137  8:41  Marine, Marauder  
  137  8:42  SCV x2  
  137  8:43  SCV  
  137  8:45  Marine x2  
  137  8:46  Marauder  
  137  8:47  Widow Mine  
  149  8:54  Supply Depot  
  149  8:55  Supply Depot  
  149  8:56  SCV  
Show
View Real Time Build Order
Export as new Build Order

ShoWTimE Protoss 

Build Orders: 1 Gate Expand, Blink Stalkers, Chargelot Immortal 

Get SALT Encoding   

  12  0:00  Probe  
  13  0:12  Probe  
  14  0:17  Pylon  
  14  0:24  Probe  
  15  0:35  Gateway  
  15  0:36  Probe (Chrono Boost)  
  16  0:46  Probe (Chrono Boost), Assimilator  
  17  0:51  Probe (Chrono Boost)  
  18  1:03  Probe  
  19  1:15  Probe  
  20  1:23  Nexus  
  20  1:34  Cybernetics Core  
  20  1:36  Probe  
  21  1:42  Assimilator  
  21  1:48  Probe  
  21  1:52  Pylon  
  22  2:00  Probe  
  23  2:07  Adept (Chrono Boost)  
  23  2:11  Warp Gate  
  23  2:12  Probe  
  26  2:22  Twilight Council  
  26  2:24  Probe (Chrono Boost)  
  26  2:28  Stalker (Chrono Boost)  
  27  2:35  Probe (Chrono Boost)  
  30  2:44  Probe (Chrono Boost)  
  32  2:45  Probe (Chrono Boost)  
  32  2:49  Probe (Chrono Boost)  
  32  2:50  Probe (Chrono Boost)  
  33  2:53  Blink (Chrono Boost)  
  34  3:01  Probe  
  34  3:02  Probe  
  36  3:06  Stalker  
  38  3:13  Probe  
  38  3:14  Probe  
  38  3:16  Gateway  
  40  3:25  Probe  
  40  3:26  Probe  
  41  3:37  Probe  
  41  3:38  Probe  
  41  3:41  Robotics Facility  
  43  3:47  Pylon  
  43  3:50  Probe x2  
  43  3:54  Shield Battery  
  45  4:02  Probe  
  46  4:05  Probe  
  46  4:06  Nexus  
  46  4:08  Stalker  
  49  4:14  Probe  
  50  4:17  Probe  
  50  4:26  Probe  
  50  4:29  Observer  
  50  4:30  Probe  
  52  4:36  Pylon  
  52  4:38  Probe, Assimilator  
  53  4:40  Pylon  
  53  4:42  Probe, Charge (Chrono Boost)  
  54  4:53  Forge  
  54  4:55  Observer, Stalker  
  54  4:57  Stalker  
  60  5:00  Probe x2  
  61  5:07  Gateway  
  61  5:12  Probe, Gateway  
  61  5:13  Probe  
  63  5:16  Protoss Ground Weapons Level 1 (Chrono Boost)  
  63  5:19  Stalker  
  65  5:21  Probe  
  65  5:24  Probe  
  67  5:29  Gateway  
  67  5:31  Probe  
  67  5:34  Probe  
  69  5:38  Gateway  
  69  5:42  Gateway  
  69  5:47  Gateway  
  69  5:49  Sentry x2  
  73  5:50  Warp Prism (Chrono Boost)  
  73  5:56  Pylon  
  75  5:59  Probe x2  
  75  6:00  Probe  
  78  6:08  Zealot x2  
  78  6:11  Probe  
  83  6:13  Pylon  
  83  6:15  Shield Battery, Zealot x2  
  87  6:20  Pylon  
  87  6:24  Stalker  
  89  6:29  Immortal (Chrono Boost)  
  89  6:30  Probe  
  92  6:36  Zealot x2  
  96  6:41  Pylon  
  96  6:43  Pylon  
  96  6:47  Zealot x2  
  96  6:49  Probe  
  100  7:03  Zealot x6  
  100  7:05  Immortal (Chrono Boost)  
  116  7:08  Protoss Ground Armor Level 1 (Chrono Boost)  
  116  7:10  Probe  
  116  7:11  Probe x2  
  111  7:18  Zealot x2  
  111  7:20  Assimilator  
  111  7:24  Assimilator  
  111  7:27  Templar Archives  
  111  7:33  Zealot x4  
  119  7:43  Immortal (Chrono Boost)  
  119  7:48  Probe x2  
  125  7:52  Pylon  
  125  7:57  Pylon  
  125  7:59  Pylon x2  
  125  8:10  Probe  
  125  8:12  High Templar  
  128  8:14  High Templar x2  
  128  8:18  Zealot x5  
  116  8:34  Archon, Immortal (Chrono Boost)  
  116  8:40  Assimilator  
  120  8:42  Zealot x5  
  130  8:54  Probe  
  130  8:55  Probe  
  122  9:02  Stalker x4  
  121  9:03  Stalker x3  
  121  9:07  Stalker  
Tags
 
Add a new tag
Caveats
  • Supply blocks, unpowered buildings, or Contaminate may cause inaccurate times.
  • Supply counts are checked every 10 seconds.